Map: 세룰리안 폴 - 래더

Players

Trap

  • Race: Protoss Protoss
  • League: Master
  • Spawn Location: 7:00

Zest - Winner!

  • Race: Protoss Protoss
  • League: Master
  • Spawn Location: 1:00

Event: HomeStory Cup XVIII

VOD

Have the link to the VOD?

Description

Time

  • Played on: Nov. 24, 2018, 6:25 a.m.
  • Length: 10:36

All games in this series

Show
View Real Time Build Order
Export as new Build Order

Trap Protoss 

Build Orders: Oracle Opening 

Get SALT Encoding   

  12  0:00  Probe  
  13  0:12  Probe  
  14  0:17  Pylon  
  14  0:24  Probe  
  15  0:32  Probe  
  15  0:38  Gateway  
  15  0:40  Probe  
  17  0:51  Probe  
  17  0:54  Assimilator  
  18  0:57  Assimilator  
  18  0:59  Probe  
  19  1:07  Probe  
  19  1:09  Gateway  
  19  1:17  Probe  
  21  1:25  Cybernetics Core  
  21  1:29  Probe  
  22  1:35  Pylon  
  22  1:41  Probe  
  23  1:53  Probe  
  24  2:01  Stalker  
  24  2:02  Sentry  
  24  2:03  Warp Gate  
  28  2:12  Shield Battery  
  28  2:17  Pylon  
  27  2:32  Stargate  
  26  2:44  Nexus  
  26  2:51  Probe  
  27  2:56  Stalker  
  29  3:04  Stalker  
  31  3:11  Probe  
  32  3:17  Oracle  
  35  3:23  Probe  
  36  3:34  Probe  
  37  3:42  Probe  
  38  3:50  Probe  
  38  3:51  Forge  
  38  3:52  Probe  
  39  4:00  Probe  
  39  4:01  Probe  
  40  4:04  Stalker  
  40  4:05  Stalker  
  40  4:08  Probe  
  46  4:10  Probe  
  46  4:17  Probe  
  48  4:19  Probe  
  50  4:24  Pylon  
  50  4:25  Protoss Ground Weapons Level 1, Probe  
  50  4:27  Probe  
  52  4:38  Shield Battery  
  52  4:42  Adept x2  
  54  4:48  Probe x2  
  56  4:53  Assimilator  
  56  4:55  Assimilator  
  56  5:00  Probe  
  56  5:01  Probe  
  56  5:06  Twilight Council  
  58  5:08  Pylon  
  58  5:13  Probe x2  
  55  5:21  Probe x2  
  56  5:29  Probe x2  
  56  5:34  Stalker x2  
  62  5:39  Probe x2  
  64  5:43  Templar Archives  
  64  5:48  Gateway  
  64  5:50  Protoss Ground Weapons Level 2  
  64  5:51  Gateway  
  64  5:52  Probe  
  64  5:55  Probe  
  66  6:01  Pylon  
  66  6:05  Probe  
  66  6:07  Probe  
  61  6:22  High Templar x2  
  61  6:23  Probe  
  61  6:24  Probe  
  67  6:30  Gateway  
  67  6:34  Gateway  
  62  6:44  Charge  
  62  6:48  Nexus, Sentry x2  
  66  6:58  Gateway  
  66  7:00  Gateway  
  66  7:03  Probe  
  66  7:05  High Templar x2  
  70  7:09  Probe  
  69  7:15  Probe  
  69  7:21  Zealot x2  
  74  7:24  Pylon, Zealot  
  74  7:25  Pylon  
  74  7:29  Zealot  
  77  7:31  Probe  
  78  7:43  Robotics Facility  
  78  7:54  High Templar  
  78  7:55  High Templar, Zealot x2  
  78  7:56  Zealot  
  78  7:57  Zealot  
  90  8:02  Archon  
  90  8:07  Probe x3  
  90  8:10  High Templar x2  
  97  8:15  Archon  
  97  8:20  Zealot x4  
  97  8:24  Pylon x2  
  103  8:27  Zealot  
  103  8:32  Warp Prism  
  100  8:35  Zealot  
  97  8:48  High Templar x2, Zealot  
  101  8:57  Zealot x2, Archon  
  101  8:58  Zealot  
  101  8:59  Zealot  
  109  9:08  Zealot  
  111  9:17  High Templar x2  
  111  9:18  Zealot x2  
  113  9:34  Archon  
  112  9:45  High Templar x2, Zealot x4  
  120  9:49  Archon  
  124  9:53  Pylon  
  124  9:55  Pylon  
  124  9:57  Pylon  
  126  10:14  High Templar  
  126  10:15  High Templar, Zealot x3  
  126  10:19  Archon  
  136  10:21  Pylon  
Show
View Real Time Build Order
Export as new Build Order

Zest Protoss - Winner!

Build Orders: Phoenix Opening, Zealot Archon 

Get SALT Encoding   

  12  0:01  Probe  
  13  0:13  Probe  
  14  0:18  Pylon  
  14  0:24  Probe  
  15  0:33  Probe  
  15  0:38  Gateway  
  15  0:41  Probe  
  16  0:46  Assimilator  
  17  0:52  Probe  
  17  0:55  Assimilator  
  18  1:00  Probe  
  19  1:08  Gateway, Probe  
  19  1:18  Probe  
  21  1:25  Cybernetics Core  
  21  1:30  Probe  
  22  1:36  Pylon  
  22  1:42  Probe  
  23  1:54  Probe  
  24  2:02  Sentry, Stalker  
  24  2:03  Warp Gate  
  28  2:11  Pylon  
  28  2:32  Probe  
  28  2:35  Phoenix  
  29  2:38  Stargate  
  29  2:47  Nexus  
  29  2:57  Probe  
  32  3:09  Probe  
  35  3:21  Probe  
  35  3:24  Phoenix  
  38  3:33  Probe  
  35  3:44  Phoenix  
  35  3:45  Probe  
  35  3:46  Pylon  
  38  3:57  Probe  
  38  4:00  Probe  
  38  4:01  Phoenix  
  40  4:05  Adept x2  
  46  4:12  Probe x2  
  48  4:19  Phoenix  
  48  4:24  Probe x2  
  50  4:28  Pylon  
  52  4:36  Probe x2  
  54  4:40  Phoenix  
  54  4:48  Probe x2  
  54  4:55  Assimilator  
  54  4:56  Assimilator  
  54  4:59  Stalker  
  56  5:00  Probe x2, Stalker  
  56  5:03  Phoenix  
  56  5:05  Shield Battery  
  62  5:08  Shield Battery  
  62  5:12  Probe x2  
  64  5:23  Stalker x2  
  64  5:24  Probe x2  
  70  5:35  Robotics Facility  
  70  5:37  Forge  
  70  5:40  Pylon  
  70  5:42  Twilight Council  
  70  5:49  Protoss Ground Weapons Level 1  
  70  5:53  Gateway  
  70  5:54  Gateway  
  70  5:55  Gateway  
  70  6:01  Gateway  
  70  6:10  Charge  
  70  6:16  Gateway  
  70  6:17  Gateway  
  70  6:19  Templar Archives  
  70  6:23  Warp Prism  
  70  6:30  Pylon  
  70  6:44  Nexus  
  68  6:47  Pylon  
  68  7:11  High Templar x4, Zealot x4  
  68  7:15  Pylon, Archon  
  84  7:16  Archon  
  84  7:25  Pylon  
  84  7:31  Phoenix  
  84  7:42  High Templar x2  
  84  7:43  Zealot x6  
  100  7:48  Archon  
  100  8:00  Protoss Ground Weapons Level 2  
  100  8:06  Zealot x4  
  100  8:07  Zealot  
  108  8:14  High Templar x2  
  108  8:19  Zealot x2, Archon  
  116  8:28  Zealot x4  
  115  8:50  High Templar x2, Zealot  
  115  8:51  Zealot x2  
  115  8:54  Pylon x2  
  125  8:56  Pylon, Archon  
  125  9:00  Pylon  
  125  9:12  Pylon  
  125  9:16  High Templar  
  125  9:17  High Templar, Zealot x4  
  137  9:34  Zealot x2  
  137  9:35  Archon  
  141  9:39  Zealot x4  
  149  9:50  High Templar x2  
  149  9:52  Shield Battery  
  153  9:54  Archon  
  153  10:05  Zealot x6  
  165  10:12  Pylon  
  165  10:15  Pylon  
Tags
 
Add a new tag
Caveats
  • Supply blocks, unpowered buildings, or Contaminate may cause inaccurate times.
  • Supply counts are checked every 10 seconds.